 Dungeon Crawl Stone Soup version 0.23.2 (webtiles) character file.

Game seed: 10139187454543039857

86 sagitran the Slasher (level 4, 0/35 HPs)
             Began as a Demonspawn Chaos Knight on Mar 31, 2019.
             Was a Plaything of Xom.
             Slain by an ufetubus (5 damage)
             ... in a sewer.
             The game lasted 00:07:08 (1173 turns).

sagitran the Slasher (Demonspawn Chaos Knight)      Turns: 1173, Time: 00:07:09

Health: 0/35       AC:  5    Str: 13    XL:     4   Next: 26%
Magic:  4/4        EV: 12    Int: 13    God:    Xom [..*...]
Gold:   144        SH:  0    Dex: 13    Spells: 3/3 levels left

rFire    . . .     SeeInvis .   a - +0 falchion (chaos)
rCold    . . .     Gourm    .   (no shield)
rNeg     . . .     Faith    .   b - +2 leather armour
rPois    .         Spirit   .   (no helmet)
rElec    .         Reflect  .   (no cloak)
rCorr    +         Harm     .   (no gloves)
MR       .....                  (no boots)
Stlth    +.........             (no amulet)
HPRegen  0.11/turn              f - ring of resist corrosion
MPRegen  0.09/turn              (no ring)

@: about to teleport
A: foul stench 1, rot immunity
a: Renounce Religion


You were in a sewer.
You worshipped Xom.
You were a toy of Xom.
You were not hungry.

You visited 1 branch of the dungeon, and saw 3 of its levels.
You also visited: Sewer.

You collected 144 gold pieces.

Inventory:

Hand Weapons
 a - a +0 falchion of chaos (weapon)
Armour
 b - a +2 leather armour (worn)
Jewellery
 f - a ring of resist corrosion (left hand)
Scrolls
 i - a scroll of identify {unknown}
 j - a scroll of teleportation
 k - a scroll of enchant weapon {unknown}
 l - a scroll of enchant armour {unknown}
 n - 2 scrolls of immolation {unknown}
Comestibles
 c - 4 rations


   Skills:
 + Level 3.4 Fighting
 + Level 3.5 Long Blades
 + Level 2.6 Armour
 + Level 1.6 Dodging
 + Level 0.1 Stealth


You had 3 spell levels left.
You didn't know any spells.
Your spell library was empty.

Dungeon Overview and Level Annotations

Branches:
Dungeon (3/15)

Altars:


Innate Abilities, Weirdness & Mutations

You may emit foul miasma when damaged in melee.
You are immune to rotting.


Message History

You hit the shadow imp.
The shadow imp's magic leaks into the air.
The shadow imp is severely wounded.
The ufetubus hits you but does no damage.
The ufetubus misses you.
The shadow imp falters for a moment.
The ufetubus hits you.
* * * LOW HITPOINT WARNING * * *
The ufetubus barely misses you. The shadow imp misses you.
You aren't carrying any potions.
As you read the scroll labeled TYSENT MEBANWU, it crumbles to dust.
You feel aware of your surroundings.
You sensed 1 altar, and 3 shops/portals.
It was a scroll of magic mapping.
The ufetubus barely misses you. The ufetubus closely misses you.
The shadow imp hits you.
* * * LOW HITPOINT WARNING * * *
As you read the scroll labeled KOENAH IRCHUMAA, it crumbles to dust.
You feel strangely unstable.
It was a scroll of teleportation.
The ufetubus hits you but does no damage.
The ufetubus misses you. x2; The ufetubus hits you.
You die...

**≈≈,',,≈≈≈≈≈≈≈≈≈≈≈≈≈#..≈#
**≈≈,*,,≈≈≈≈≈≈≈≈≈≈≈≈≈#.≈≈#
**≈≈,*,≈≈≈≈≈≈≈≈≈≈≈≈≈≈#..≈#
**≈≈,*,,≈≈≈≈≈≈≈≈≈≈≈≈≈#.≈≈#
**≈≈,*,.≈≈≈≈≈≈≈≈≈≈≈≈≈#).≈#
**≈≈,*,,.≈≈≈≈≈≈≈≈≈≈≈≈#.≈≈#
***,***#.#≈###≈≈#≈####..≈#
,*,,,*≈≈......§§.....#.≈≈#
,+,,,≈≈≈≈....s○5@.......≈#
,*,,,*≈≈.....§.5.....#.≈≈#
***,***#.###≈##≈##≈####≈##
**≈≈,*,,,≈≈≈≈≈≈≈≈≈≈≈≈≈≈≈.#
**≈≈,*,,≈≈≈≈≈≈≈≈≈≈≈≈≈≈≈≈≈#
**≈≈,*,≈≈≈≈≈≈≈≈≈≈≈≈≈≈≈≈≈.#
**≈≈,*,≈≈≈≈≈≈≈≈≈≈≈≈≈≈≈≈≈≈#
**≈≈,*,≈≈≈≈≈≈≈≈≈≈≈≈≈≈≈≈≈≈*
**≈≈,',≈≈≈≈≈≈≈≈≈≈≈≈≈≈≈≈≈≈*


You could see a shadow imp, an ufetubus and a giant cockroach.

Vanquished Creatures
  A big kobold zombie (Sewer)
  2 adders (D:2)
  A shadow imp (Sewer)
  3 oozes
  A leopard gecko (D:2)
  A ball python (Sewer)
  4 bats
  3 giant cockroaches
  2 goblins
  2 hobgoblins (D:1)
  5 kobolds
  A frilled lizard (D:1)
  4 rats
30 creatures vanquished.

Notes
Turn   | Place    | Note
-------+----------+-------------------------------------------
     0 | D:1      | sagitran the Demonspawn Chaos Knight began the quest for
                  | the Orb.
     0 | D:1      | Reached XP level 1. HP: 18/18 MP: 1/1
    47 | D:1      | Reached skill level 1 in Dodging
   101 | D:1      | Gained mutation: You are immune to rotting. [demonic
                  | ancestry]
   101 | D:1      | Reached XP level 2. HP: 17/24 MP: 2/2
   263 | D:1      | XOM: silly message
   668 | D:2      | XOM: mild Chrm miscast
   742 | D:2      | Reached XP level 3. HP: 15/29 MP: 3/3
   764 | D:2      | XOM: noise
   909 | D:3      | Found a glowing drain.
   918 | Sewer    | XOM: noise
   918 | Sewer    | Entered a sewer
   936 | Sewer    | XOM: cast spell 'Ring of Flames'
   994 | Sewer    | Gained mutation: You may emit foul miasma when damaged in
                  | melee. [demonic ancestry]
   994 | Sewer    | Reached XP level 4. HP: 5/35 MP: 4/4
  1091 | Sewer    | XOM: noise
  1163 | Sewer    | XOM: smoke on damage
  1168 | Sewer    | HP: 1/35 [shadow imp/nerve-wracking pain (8)]
  1173 | Sewer    | Slain by an ufetubus

Skill      XL: |  1  2 |
---------------+-------+-----
Dodging        | 1 |  1.6
Armour         | 2 |  2.6
Long Blades    | 3 |  3.5
Fighting       | |  3.4
Stealth        | |  0.1

Action                   |  1- 3 |  4- 6 || total
-------------------------+-------+-------++-------
Melee: Falchion          |   109 |     9 ||   118
  Use: Potion            |     3 |     1 ||     4
       Scroll            |       |     3 ||     3
  Eat: Ration            |       |     1 ||     1
Armor: Leather armour    |    62 |     3 ||    65
Dodge: Dodged            |    73 |    10 ||    83
       Rpst.: Falchion   |    23 |     2 ||    25
